 Dungeon Crawl Stone Soup version 0.22.0 (webtiles) character file.

140614 CyclopB the Black Belt (level 17, -4/128 HPs)
             Began as an Octopode Transmuter on Dec 28, 2018.
             Was an Initiate of Gozag.
             Killed by divine providence
             ... invoked by a smoke demon
             ... summoned by an orc sorcerer
              (10 damage)
             ... while paralysed by an orc sorcerer
             ... on level 1 of the Orcish Mines on Dec 29, 2018.
             The game lasted 06:57:03 (30941 turns).

CyclopB the Black Belt (Octopode Transmuter)       Turns: 30941, Time: 06:57:04

Health: -4/128     AC: 13    Str: 14    XL:     17   Next: 31%
Magic:  31/31      EV:  1    Int: 18    God:    Gozag
Gold:   1360       SH:  0    Dex: 18    Spells: 5/26 levels left

rFire    + . .     SeeInvis +     - Unarmed
rCold    + + +     Gourm    .   (shield currently unavailable)
rNeg     . . .     Faith    .   (helmet currently unavailable)
rPois    +         Spirit   .   o - amulet of regeneration
rElec    .         Reflect  .   x - ring of protection from fire
rCorr    +         Harm     .   y - ring of protection from cold
MR       +....                  p - ring of poison resistance
Stlth    ++........             Q - ring of Goeh {rF+ MP+9 Str-2 Dex+3 SInv}
HPRegen  0.71/turn              v - ring of resist corrosion
MPRegen  0.22/turn              Z - +5 ring of protection
                                f - +5 ring of strength
                                R - +2 ring of evasion (curse)

@: paralysed, liquid flames, ice-form, gold aura, glowing, drained
A: large, almost no armour, stealthy swim, amphibious, 8 rings, (constrict 8),
low mp 1, robust 1, subdued magic 1, MP-powered wands
a: End Transformation, Potion Petition, Call Merchant, Bribe Branch, Renounce
Religion


You were on level 1 of the Orcish Mines.
You worshipped Gozag.
Gozag was most pleased with you.
You were not hungry.
You were a creature of crystalline ice.
You visited 5 branches of the dungeon, and saw 25 of its levels.
You also visited: Labyrinth, Sewer and Volcano.

You collected 9020 gold pieces.
You spent 2850 gold pieces at shops.
You paid 4810 gold pieces to Gozag.

Inventory:

Missiles
 a - 463 arrows
 e - 39 tomahawks (quivered)
 i - 661 stones
 G - a throwing net
 H - 10 exploding tomahawks
 J - 3 tomahawks of returning
Armour
 X - a +2 hat of magic resistance (melded)
Magical Staves
 E - an uncursed staff of cold (melded)
Jewellery
 f - a +5 ring of strength (on tentacle)
 o - an amulet of regeneration (around neck)
 p - a ring of poison resistance (on tentacle)
 v - a ring of resist corrosion (on tentacle)
 x - a ring of protection from fire (left front paw)
 y - a ring of protection from cold (right front paw)
 M - the amulet of the Four Winds {rN+ MR+++ Clar}
   (You bought it in a shop on level 10 of the Dungeon)

   [amulet of nothing]

   It protects you from negative energy.
   It affects your resistance to hostile enchantments.
   It protects you against confusion.
 Q - the ring of Goeh (on tentacle) {rF+ MP+9 Str-2 Dex+3 SInv}
   (You bought it in a shop on level 14 of the Dungeon)

   [ring of see invisible]

   It affects your strength (-2).
   It affects your dexterity (+3).
   It protects you from fire.
   It affects your magic capacity (+9).
   It lets you see invisible.
 R - a cursed +2 ring of evasion (on tentacle)
 Z - a +5 ring of protection (on tentacle)
Wands
 h - a wand of paralysis (14)
 t - a wand of flame (54)
 z - a wand of iceblast (26)
 A - a wand of disintegration (10)
 O - a wand of scattershot (5)
 S - a wand of clouds (6)
 V - a wand of digging (24)
Scrolls
 g - 4 scrolls of identify
 l - 19 scrolls of teleportation
 m - 3 scrolls of amnesia
 n - 11 scrolls of remove curse
 r - a scroll of vulnerability
 s - a scroll of enchant armour
 w - 3 scrolls of fog
 C - 3 scrolls of blinking
 D - 11 scrolls of magic mapping
 T - 3 scrolls of immolation
Potions
 b - 4 potions of might
 d - 5 potions of flight
 j - 5 potions of agility
 k - 3 potions of magic
 q - 6 potions of curing
 u - a potion of mutation
 F - a potion of lignification
 L - a potion of haste
 N - 2 potions of berserk rage
 P - a potion of cancellation
 U - 2 potions of heal wounds
 Y - 3 potions of brilliance
Miscellaneous
 B - a phantom mirror
 I - a box of beasts
Comestibles
 c - 18 rations


   Skills:
 - Level 3.0(2.5) Fighting
 - Level 12.0(11.3) Dodging
 - Level 5.8(5.3) Stealth
 * Level 19.5(18.7) Unarmed Combat
 + Level 5.1(4.6) Spellcasting
 - Level 15.1(14.4) Transmutations
 - Level 4.0(3.4) Ice Magic
 - Level 1.8(1.3) Poison Magic
 - Level 2.7(2.2) Evocations


You had 5 spell levels left.
You knew the following spells:

 Your Spells              Type           Power        Failure   Level  Hunger
a - Beastly Appendage     Tmut           #####.       1%          1    None
b - Sticks to Snakes      Tmut           #####...     1%          2    #......
c - Spider Form           Tmut/Pois      ###.......   1%          3    ###....
d - Blade Hands           Tmut           #####.....   1%          5    ######.
e - Ice Form              Ice/Tmut       ####....     2%          4    ####...
f - Hydra Form            Tmut           #####.....   4%          6    #######

Your spell library contained the following spells:

 Spells                   Type           Power        Failure   Level  Hunger
 Apportation              Tloc           #.....       12%         1    None
 Bolt of Cold             Conj/Ice       #.........   100%        6    #######
 Lightning Bolt           Conj/Air       #.........   98%         5    ######.
 Invisibility             Hex            #.......     100%        6    #######
 Freezing Cloud           Conj/Ice/Air   #.........   100%        6    #######
 Summon Small Mammal      Summ           #...         12%         1    None
 Animate Dead             Necr           N/A          77%         4    ####...
 Animate Skeleton         Necr           N/A          12%         1    None
 Ozocubu's Refrigeration  Ice            ##........   99%         6    #######
 Regeneration             Chrm/Necr      #.........   34%         3    ###....
 Tukima's Dance           Hex            #.......     34%         3    ###....
 Shock                    Conj/Air       #...         12%         1    None
 Swiftness                Chrm/Air       #.......     19%         2    #......
 Recall                   Summ/Tloc      N/A          34%         3    ###....
 Statue Form              Tmut/Erth      ###......    69%         6    #######
 Dragon Form              Tmut           #####.....   26%         7    #######
 Death Channel            Necr           #.........   100%        6    #######
 Airstrike                Air            #.........   77%         4    ####...
 Confusing Touch          Hex            #.....       12%         1    None
 Metabolic Englaciation   Hex/Ice        #.........   86%         5    ######.
 Summon Butterflies       Summ           #.......     12%         1    None
 Silence                  Hex/Air        #.........   98%         5    ######.
 Static Discharge         Conj/Air       #.......     34%         3    ###....
 Alistair's Intoxication  Tmut/Pois      ###.....     13%         5    ######.
 Simulacrum               Ice/Necr       #.........   100%        6    #######
 Shroud of Golubria       Chrm/Tloc      #.........   19%         2    #......
 Infusion                 Chrm           #...         12%         1    None
 Song of Slaying          Chrm           #.......     19%         2    #......
 Spectral Weapon          Hex/Chrm       #.......     34%         3    ###....
 Summon Lightning Spire   Summ/Air       #.......     77%         4    ####...
 Irradiate                Conj/Tmut      ###.......   17%         5    ######.
 Lesser Beckoning         Tloc           #.........   34%         3    ###....
 Borgnjor's Vile Clutch   Necr/Erth      #.........   98%         5    ######.


Dungeon Overview and Level Annotations

Branches:
Dungeon (15/15)            Temple (1/1) D:6            Lair (6/6) D:9
 Shoals (0/4) Lair:4       Spider (1/4) Lair:4        Slime (0/5) Lair:5
    Orc (2/2) D:10            Elf (0/3) Orc:2        Vaults (0/5) D:14
 Depths (0/5) D:15

Altars:
Ashenzari
Cheibriados
Dithmenos
Elyvilon
Fedhas
Gozag
Hepliaklqana
Kikubaaqudgha
Makhleb
Nemelex Xobeh
Okawaru
Qazlal
Ru
Sif Muna
Trog
Uskayaw
Vehumet
Wu Jian
Xom
Yredelemnul
Zin
The Shining One
Beogh

Shops:
D:5 *   D:8 !   D:9 :*=   D:10 *=%   D:14 =   Orc:2 (([*

Annotations:
D:15 2 transporters, CyclopB's ghost, adept OpTm
Lair:1 exclusion: oklob plant


Innate Abilities, Weirdness & Mutations

You cannot wear most types of armour.
You are very stealthy in the water. (Stealth+)
You are amphibious.
You can wear up to eight rings at the same time.
((You can use your tentacles to constrict eight enemies at once.))
((Your skin changes colour to match your surroundings (Stealth+).))
((Your rubbery body absorbs attacks. (AC +1, EV +1)))
Your magical capacity is low. (-10% MP)
You are robust. (+10% HP)
Your spells are a little easier to cast, but a little less powerful.
You expend magic power (3 MP) to strengthen your wands.


Message History

The bolt of negative energy hits the orc.
The orc is drained!
The orc dies!
You are covered in liquid flames!
* * * LOW HITPOINT WARNING * * *
The orc hits you but does no damage.
The smoke demon hits you but does no damage. x2
The smoke demon hits you.
* * * LOW HITPOINT WARNING * * *
The orc warrior hits you from afar with a trident!
* * * LOW HITPOINT WARNING * * *
The orc sorcerer hits you but does no damage.
The orc hits you but does no damage.
You are covered in liquid flames!
* * * LOW HITPOINT WARNING * * *
The orc hits you but does no damage. The smoke demon gestures at you.
Something smites you!
You die...
Your body crumbles into a pile of gold.

##### ##
##...###.####
#.........#.#.
$
#...$.........
$
#....#........
##....#oo.#...
#.....3oo.....
#.>.$$Yoo.....
##..$.§o$.....
#.#..........
#.............
###
##............
##.#
#.........$..
#...
##..#........
##.#
#...#.#.....
### .# #### #.


You could see a smoke demon, an orc sorcerer, an orc warrior, an orc priest and
4 orcs.

Vanquished Creatures
  Gastronok (Lair:1)
  2 orc warlords (Orc:2)
  A minotaur (Lab)
  Josephine (D:11)
  A yaktaur captain (D:15)
  Fannar (Lair:1)
  3 catoblepae (Lair:6)
  7 hydras
  5 centaur warriors
  A death knight (D:14)
  8 two-headed ogres
  7 death yaks (Lair:6)
  Urug (Lair:2)
  A hell hog (Volcano)
  A storm dragon skeleton (D:15)
  5 unseen horrors
  A skeletal warrior (D:12)
  2 orc knights
  A lindwurm (Lair:2)
  An orc sorcerer (Orc:2)
  5 ugly things
  A necromancer (D:15)
  A deep elf mage (D:11)
  2 wolf spider zombies
  An orb spider (Lair:4)
  3 wolf spiders
  6 cyclopes
  11 manticores
  7 black mambas
  Joseph (D:8)
  A gargoyle (D:15)
  12 elephants
  An eye of devastation (shapeshifter) (D:15)
  16 spiny frogs
  2 rime drakes
  A kobold demonologist (D:12)
  A yaktaur (D:15)
  An efreet (D:14)
  2 freezing wraiths (D:14)
  10 komodo dragons
  9 trolls
  A polar bear (Lair:6)
  6 jumping spiders (Spider:1)
  A merfolk (D:10)
  A tengu conjurer (D:15)
  4 hornets
  A queen bee (Orc:1)
  14 blink frogs
  3 meliai (D:13)
  Grinder (D:5)
  5 dream sheep (Lair:1)
  Prince Ribbit (D:8)
  A harpy skeleton (D:15)
  15 hippogriffs
  A meliai zombie (D:14)
  75 yaks
  15 redbacks
  A centaur simulacrum (D:15)
  2 tarantellas (Spider:1)
  5 wraiths
  A basilisk (Lair:6)
  7 fire bats (Volcano)
  4 wyverns
  4 hogs (D:7)
  Eustachio (D:5)
  A human (D:7)
  A hungry ghost (D:15)
  A steam dragon (Volcano)
  A warg (Orc:2)
  A vampire mosquito (D:13)
  4 acid dragons
  2 hell hounds (Volcano)
  13 water moccasins
  8 porcupines
  An ice beast (D:8)
  Purgy (Sewer)
  40 orc warriors
  9 black bears
  2 black bears (shapeshifter)
  A necrophage (D:8)
  2 sky beasts
  A phantom (D:10)
  15 centaurs
  14 ogres
  10 wolves
  3 big kobolds
  11 crocodiles
  17 bullfrogs
  2 gnoll sergeants
  2 wyvern zombies
  19 killer bees
  5 scorpions
  20 wights
  A howler monkey (D:2)
  2 spriggan skeletons (Lab)
  6 electric eels
  A troll skeleton (Lab)
  7 centaur zombies
  A crimson imp (D:9)
  A bullfrog zombie (D:11)
  4 hounds
  23 orc wizards
  19 orc priests
  4 bullfrog skeletons
  4 gnoll shamans
  4 jellies
  4 centaur skeletons
  2 iguanas
  6 worker ants
  A killer bee zombie (D:6)
  2 hound zombies
  A worker ant zombie (D:6)
  16 gnolls
  19 adders
  2 howler monkey skeletons
  8 river rats
  5 shadow imps
  An adder zombie (D:7)
  4 worms
  11 leopard geckos
  107 orcs
  2 bats (D:1)
  9 giant cockroaches
  6 hobgoblins
  20 jackals
  4 quokkas
  4 ball pythons
  8 frilled lizards
  8 goblins
  13 kobolds
  A quokka skeleton (D:5)
  10 rats
  2 plants
875 creatures vanquished.

Vanquished Creatures (collateral kills)
  2 orcs (Orc:2)
  A kobold (D:14)
3 creatures vanquished.

Vanquished Creatures (others)
  2 dancing weapons (D:14)
  2 elephants (Lair:5)
  A centaur skeleton (D:14)
  A shadow (D:15)
  2 orcs (Orc:1)
  A bush (Lair:5)
  8 fungi
  52 plants
69 creatures vanquished.

Grand Total: 947 creatures vanquished

Notes
Turn   | Place    | Note
-------+----------+-------------------------------------------
     0 | D:1      | CyclopB the Octopode Transmuter began the quest for the Orb.
     0 | D:1      | Reached XP level 1. HP: 13/13 MP: 3/3
   150 | D:1      | Reached XP level 2. HP: 6/18 MP: 5/5
   609 | D:1      | Reached XP level 3. HP: 22/23 MP: 6/6
  1358 | D:2      | Found an ancient bone altar of Kikubaaqudgha.
  1484 | D:2      | Reached skill level 1 in Stealth
  1484 | D:2      | Reached XP level 4. HP: 24/28 MP: 7/7
  1663 | D:2      | Found a shimmering altar of Xom.
  1664 | D:2      | Found a hide-covered altar of Uskayaw.
  2004 | D:2      | Found a shadowy altar of Dithmenos.
  2006 | D:2      | Found a hazy altar of Hepliaklqana.
  2039 | D:2      | Reached XP level 5. HP: 33/33 MP: 8/8
  2817 | D:3      | Reached skill level 5 in Dodging
  3029 | D:4      | Found a basalt altar of Yredelemnul.
  3121 | D:4      | Reached XP level 6. HP: 37/38 MP: 9/9
  3125 | D:4      | Learned a level 2 spell: Sticks to Snakes
  3186 | D:4      | Found a glowing drain.
  3302 | Sewer    | Entered a sewer
  3531 | Sewer    | Noticed Purgy
  3767 | Sewer    | Killed Purgy
  4085 | D:4      | Found a glowing golden altar of the Shining One.
  4085 | D:4      | Found a white marble altar of Elyvilon.
  4085 | D:4      | Found a glowing silver altar of Zin.
  4088 | D:4      | Became a worshipper of the Shining One
  4168 | D:4      | Fell from the grace of the Shining One
  4182 | D:4      | Reached XP level 7. HP: 43/43 MP: 10/10
  4324 | D:5      | Entered Level 5 of the Dungeon
  4337 | D:5      | Found a blossoming altar of Fedhas.
  4350 | D:5      | Found a deep blue altar of Sif Muna.
  4551 | D:5      | Noticed Grinder
  4587 | D:6      | Found a staircase to the Ecumenical Temple.
  4592 | Temple   | Entered the Ecumenical Temple
  4682 | Temple   | Became a worshipper of Gozag Ym Sagoz the Greedy
  4741 | D:5      | HP: 3/64 [wyvern zombie (6)]
  5063 | D:5      | Found Ylail's General Store.
  5500 | D:5      | Noticed Eustachio
  5547 | D:6      | Reached skill level 5 in Stealth
  5705 | D:6      | Reached XP level 8. HP: 29/48 MP: 9/11
  5769 | D:6      | Reached skill level 5 in Transmutations
  5946 | D:6      | Learned a level 3 spell: Spider Form
  6404 | D:6      | Reached skill level 1 in Poison Magic
  6688 | D:6      | Reached skill level 4 in Unarmed Combat
  6999 | D:7      | Noticed a hippogriff
  7065 | D:7      | Reached XP level 9. HP: 53/53 MP: 12/12
  7471 | D:6      | Reached skill level 5 in Unarmed Combat
  7672 | D:7      | Found a bloodstained altar of Trog.
  7785 | D:7      | Reached skill level 6 in Unarmed Combat
  7946 | D:7      | Reached skill level 7 in Unarmed Combat
  8143 | D:7      | Reached skill level 8 in Unarmed Combat
  8470 | D:5      | Killed Eustachio
  8590 | D:5      | Killed Grinder
  8590 | D:5      | Reached skill level 9 in Unarmed Combat
  8590 | D:5      | Reached XP level 10. HP: 55/60 MP: 11/14
  9232 | D:8      | Noticed Prince Ribbit
  9232 | D:8      | Noticed Joseph
  9280 | D:8      | Noticed a two-headed ogre
  9746 | D:8      | Killed Prince Ribbit
  9746 | D:8      | Reached skill level 10 in Unarmed Combat
  9830 | D:8      | Found a blossoming altar of Fedhas.
  9898 | D:9      | Noticed a death yak
 10094 | D:8      | Found a stormy altar of Qazlal.
 10497 | D:8      | Found a burning altar of Makhleb.
 10581 | D:8      | Paralysed by Joseph for 2 turns
 10595 | D:8      | Killed a two-headed ogre
 10595 | D:8      | Reached skill level 11 in Unarmed Combat
 10598 | D:8      | Killed Joseph
 10839 | D:8      | Found a sparkling altar of Nemelex Xobeh.
 10947 | D:9      | Noticed a death yak
 11045 | D:9      | Found a staircase to the Lair.
 11045 | D:9      | Noticed a death yak
 11164 | D:9      | Reached XP level 11. HP: 64/64 MP: 15/15
 11238 | D:9      | Found Ynyv's Assorted Antiques.
 11335 | D:9      | Found Itai's Jewellery Shoppe.
 11412 | D:9      | Bought a +1 ring of evasion for 42 gold pieces
 11605 | D:9      | Reached skill level 10 in Transmutations
 11736 | D:9      | Found Holuipp's Book Boutique.
 12000 | D:10     | Entered Level 10 of the Dungeon
 12103 | D:10     | Learned a level 5 spell: Blade Hands
 12341 | D:10     | Noticed a two-headed ogre
 12383 | D:10     | Killed a two-headed ogre
 12591 | D:10     | Found a blossoming altar of Fedhas.
 12691 | D:10     | Learned a level 4 spell: Ice Form
 12737 | D:10     | Noticed a two-headed ogre
 12748 | D:10     | Reached skill level 5 in Spellcasting
 12791 | D:10     | Killed a two-headed ogre
 12893 | D:10     | Reached skill level 1 in Ice Magic
 13187 | D:10     | Found a staircase to the Orcish Mines.
 13315 | D:10     | Killed an unseen horror
 13779 | D:10     | Reached XP level 12. HP: 70/70 MP: 19/19
 14142 | D:10     | Bought the amulet of the Four Winds {rN+ MR+++ Clar} for 614 gold pieces
 14142 | D:10     | Found the amulet of the Four Winds {rN+ MR+++ Clar}
 14203 | D:11     | Noticed a two-headed ogre
 14448 | Lair:1   | Entered Level 1 of the Lair of Beasts
 14525 | Lair:1   | Noticed Gastronok
 14662 | Lair:1   | Reached skill level 12 in Unarmed Combat
 15289 | D:11     | Killed a two-headed ogre
 15289 | D:11     | Reached skill level 13 in Unarmed Combat
 15572 | D:12     | Noticed a two-headed ogre
 15586 | D:12     | Killed a two-headed ogre
 15587 | D:12     | Noticed Josephine
 15754 | Lair:1   | Noticed a four-headed hydra
 15877 | Lair:1   | Noticed a six-headed hydra
 16274 | Lair:2   | Reached skill level 14 in Unarmed Combat
 16455 | Lair:2   | Reached XP level 13. HP: 64/75 MP: 18/20
 16635 | Lair:2   | Noticed Urug
 16665 | Lair:2   | Killed Urug
 16964 | Lair:2   | Reached skill level 15 in Unarmed Combat
 17763 | Lair:3   | Found a dark tunnel.
 17771 | Volcano  | Entered a volcano
 17796 | Volcano  | Noticed a fire dragon
 17970 | Volcano  | Reached skill level 16 in Unarmed Combat
 18593 | D:10     | Bought a +5 ring of protection for 770 gold pieces
 18593 | D:10     | Bought a +5 ring of strength for 576 gold pieces
 18867 | Lair:2   | Identified the Collected Works on the Feathery Voyage
 19025 | Lair:4   | Found a hole to the Spider Nest.
 19124 | Lair:4   | Found a staircase to the Shoals.
 19202 | Lair:4   | Reached XP level 14. HP: 55/81 MP: 21/21
 19259 | Lair:4   | Reached skill level 17 in Unarmed Combat
 19308 | Lair:4   | Found a labyrinth entrance.
 19334 | Lab      | Entered a labyrinth
 20810 | Lair:5   | Found a staircase to the Slime Pits.
 21246 | Lair:1   | Noticed Fannar
 21359 | D:12     | Gained mutation: Your spells are a little easier to cast, but a little less powerful. [potion of mutation]
 21359 | D:12     | Gained mutation: You expend magic power (3 MP) to strengthen your wands. [potion of mutation]
 21359 | D:12     | Gained mutation: Your magical capacity is low. (-10% MP) [potion of mutation]
 21359 | D:12     | Gained mutation: You are robust. (+10% HP) [potion of mutation]
 21373 | D:11     | Killed Josephine
 21373 | D:11     | Reached skill level 10 in Dodging
 22591 | D:10     | Bought a cursed +2 ring of evasion for 98 gold pieces
 22604 | Orc:1    | Entered Level 1 of the Orcish Mines
 22811 | Orc:2    | Entered Level 2 of the Orcish Mines
 22834 | Orc:2    | Noticed an orc warlord
 23084 | Lair:1   | Killed Fannar
 23284 | Lair:1   | Killed Gastronok
 23337 | Lair:1   | Reached XP level 15. HP: 93/93 MP: 20/20
 23345 | Lair:1   | Learned a level 6 spell: Hydra Form
 23410 | Spider:1 | Entered Level 1 of the Spider Nest
 23764 | Lair:6   | Entered Level 6 of the Lair of Beasts
 24193 | Lair:6   | Reached XP level 16. HP: 94/99 MP: 21/21
 25104 | Lair:6   | Reached skill level 15 in Transmutations
 25881 | Lair:6   | Found a blossoming altar of Fedhas.
 27907 | D:14     | Reached skill level 18 in Unarmed Combat
 28374 | D:14     | Found a gate to the Vaults.
 28803 | D:15     | Entered Level 15 of the Dungeon
 28999 | D:15     | Noticed CyclopB's ghost (adept OpTm)
 29087 | D:15     | Reached XP level 17. HP: 107/107 MP: 22/22
 29364 | D:14     | Bought the ring of Goeh {rF+ MP+9 Str-2 Dex+3 SInv} for 750 gold pieces
 29481 | D:15     | Found a transporter.
 29534 | D:15     | Found a transporter.
 29595 | D:15     | Reached skill level 19 in Unarmed Combat
 29635 | D:15     | Found a staircase to the Depths.
 29807 | Orc:2    | Found a roughly hewn altar of Beogh.
 29859 | Orc:2    | Found a staircase to the Elven Halls.
 30015 | Orc:2    | Found a roughly hewn altar of Beogh.
 30016 | Orc:2    | Found Limnyupt's Weapon Boutique.
 30039 | Orc:2    | Found a roughly hewn altar of Beogh.
 30175 | Orc:2    | Found a roughly hewn altar of Beogh.
 30180 | Orc:2    | Found Waasef's General Store.
 30247 | Orc:2    | Found a roughly hewn altar of Beogh.
 30392 | Orc:2    | Found a roughly hewn altar of Beogh.
 30630 | Orc:2    | Found Mocvudet's Antique Weapon Shoppe.
 30633 | Orc:2    | Found a roughly hewn altar of Beogh.
 30635 | Orc:2    | Found Qoejaac's Antique Armour Emporium.
 30935 | Orc:1    | Paralysed by an orc sorcerer for 6 turns
 30941 | Orc:1    | HP: 5/128 [burnt (2)]
 30941 | Orc:1    | Killed from afar by a smoke demon

Skill      XL: |  1  2  3  4  5  6  7  8  9 10 11 12 13 14 15 16 17 |
---------------+----------------------------------------------------+-----
Dodging        | 3 4 5 6 7 8 10 12 | 12.0
Stealth        | 1 3 5 |  5.8
Evocations     | 2 |  2.7
Transmutations | 3 4 7 8 11 14 15 | 15.1
Poison Magic   | 1 |  1.8
Unarmed Combat | 4 9 11 14 16 17 18 19 | 19.5
Spellcasting   | 3 5 |  5.1
Fighting       | 2 3 |  3.0
Ice Magic      | 2 4 |  4.0

Action                   |  1- 3 |  4- 6 |  7- 9 | 10-12 | 13-15 | 16-18 || total
-------------------------+-------+-------+-------+-------+-------+-------++-------
Melee: Dagger            |    89 |   198 |   351 |   108 |       |       ||   746
       Constrict         |    24 |    43 |    45 |    71 |     8 |     8 ||   199
       Unarmed           |     5 |       |    64 |   720 |   735 |   749 ||  2273
       Tentacles         |    16 |    45 |    69 |    67 |    13 |    17 ||   227
       Kick              |     9 |       |       |    26 |       |     9 ||    44
       Punch             |     3 |     3 |    11 |    44 |     8 |    21 ||    90
       Staff             |       |       |       |       |       |    54 ||    54
Throw: Stone             |    16 |    55 |    35 |   114 |     9 |       ||   229
       Javelin           |     2 |       |     4 |    32 |     2 |       ||    40
       Tomahawk          |       |       |       |    23 |     3 |     3 ||    29
 Cast: Beastly Appendage |     5 |       |       |    10 |     5 |     3 ||    23
       Sticks to Snakes  |       |     2 |     1 |     1 |     3 |     8 ||    15
       Spider Form       |       |       |    11 |    31 |    14 |    13 ||    69
       Ice Form          |       |       |       |    15 |    48 |    45 ||   108
       Hydra Form        |       |       |       |       |     1 |       ||     1
Invok: Renounce Religion |       |     1 |       |       |       |       ||     1
       Call Merchant     |       |       |       |     2 |     1 |     2 ||     5
       Potion Petition   |       |       |       |     1 |     1 |       ||     2
 Abil: End Transformatio |       |       |       |     1 |       |       ||     1
Evoke: Wand              |       |       |     1 |    15 |     5 |     9 ||    30
  Use: Potion            |     2 |     5 |     7 |     4 |    11 |     5 ||    34
       Scroll            |       |     5 |     1 |     4 |    19 |     3 ||    32
 Stab: Sleeping          |     4 |    10 |    14 |    23 |    10 |    11 ||    72
       Distracted        |       |     1 |       |     7 |     7 |    13 ||    28
       Paralysed         |       |       |       |     6 |       |       ||     6
       Held in net/web   |       |       |       |       |     1 |       ||     1
       Invisible         |       |       |       |       |     1 |       ||     1
  Eat: Chunk             |     1 |    10 |     1 |       |       |       ||    12
       Ration            |       |       |     4 |     9 |    11 |     9 ||    33
Armor: Skin              |    29 |     4 |    85 |    40 |    87 |   148 ||   393
Dodge: Dodged            |    70 |   127 |   282 |   528 |   473 |   527 ||  2007
